 Dungeon Crawl Stone Soup version 0.30.0-5-g1a98f26d00 (webtiles) character file.

Game seed: 2369625115727075746

67 jasper the Sneak (level 3, -9/18 HPs)
             Began as a Spriggan Brigand on May 12, 2023.
             Mangled by a sleepcap (19 damage)
             ... on level 3 of the Dungeon.
             The game lasted 00:02:02 (1384 turns).

jasper the Sneak (Spriggan Brigand)                 Turns: 1384, Time: 00:02:02

Health: -9/18      AC:  3    Str:  7    XL:     3   Next: 98%
Magic:  4/4        EV:  4    Int: 12    God:
Gold:   51         SH:  0    Dex: 18    Spells: 2/2 levels left

rFire   . . .        g - +2 sling (freeze)
rCold   . . .        (no shield)
rNeg    . . .        b - +0 robe
rPois   .            (helmet restricted)
rElec   .            c - +0 cloak
rCorr   .            (gloves unavailable)
SInv    +            (boots unavailable)
Will    .....        (no amulet)
Stlth   +++          (no ring)
HPRegen 0.23/turn    (no ring)
MPRegen 0.09/turn

%: no passive effects
@: sleeping, very quick
A: very small, no large weapons, unfitting armour, see invisible, speed 3
a: no special abilities


You were on level 3 of the Dungeon.
You visited 1 branch of the dungeon, and saw 3 of its levels.

You collected 51 gold pieces.

Inventory:

Hand Weapons
 a - a +2 dagger
 g - a +2 sling of freezing (weapon)
 i - a +2 dagger of draining
Missiles
 d - 9 poisoned darts
 e - 3 curare-tipped darts
Armour
 b - a +0 robe (worn)
 c - a +0 cloak (worn)
Scrolls
 k - 2 scrolls of immolation
 m - 2 scrolls of silence {unknown}
 p - a scroll of identify
Potions
 f - 2 potions of lignification
 h - 2 potions of mutation {unknown}
 j - a potion of flight {unknown}
 l - a potion of brilliance {unknown}
 n - a potion of resistance {unknown}
 o - a potion of attraction {unknown}


   Skills:
 - Level 1.5 Fighting
 + Level 4.7 Short Blades
 - Level 2.0 Throwing
 - Level 1.3 Dodging
 - Level 5.8 Stealth


You had 2 spell levels left.
You didn't know any spells.
Your spell library contained the following spells:

 Spells                   Type           Power      Damage    Failure   Level
 Sting                    Tmut/Pois      0%         1d3       32%         1
 Poisonous Vapours        Pois/Air       0%         N/A       45%         2
 Olgreb's Toxic Radiance  Pois           0%         N/A       97%         4


Dungeon Overview and Level Annotations

Branches:
Dungeon (3/15)

Altars:

Shops:
D:3 (

Annotations:
D:2 Sigmund


Innate Abilities, Weirdness & Mutations

You are very small and have problems with some larger weapons.
You are too small for most types of armour.
You have supernaturally acute eyesight. (SInv)
You cover ground extremely quickly. (Speed+++)


Message History

Items here: ) [ ††.
You see here a jackal corpse.
Health restored: 18 You shoot a sling bullet.
The sling bullet hits the hobgoblin.
The sling bullet freezes the hobgoblin.
You kill the hobgoblin!
There is a stone staircase leading up here.
Found a dagger.
Found Koanul's Weapon Shoppe.
k - 2 scrolls of immolation (gained 1)
p - a scroll of identify
There is an entrance to Koanul's Weapon Shoppe here.
There is a fountain of clear blue water here.
A sleepcap comes into view.
You shoot a sling bullet. The sling bullet hits the sleepcap.
The sling bullet freezes the sleepcap.
The sleepcap is lightly damaged.
Unknown command.
A sleepcap is nearby!
You shoot a sling bullet. The sling bullet hits the sleepcap.
The sling bullet freezes the sleepcap.
The sleepcap is moderately damaged.
You shoot a sling bullet. The sling bullet hits the sleepcap.
The sling bullet freezes the sleepcap.
The sleepcap is heavily damaged.
You shoot a sling bullet. The sling bullet hits the sleepcap.
The sling bullet freezes the sleepcap.
The sleepcap is almost destroyed.
You shoot a sling bullet.
The sling bullet hits the sleepcap but does no damage.
The sleepcap is almost destroyed.
The sleepcap completely misses you.
You shoot a sling bullet.
The sling bullet hits the sleepcap but does no damage.
The sleepcap is almost destroyed.
The sleepcap releases spores at you!
You are engulfed in a cloud of soporific spores!
You fall asleep.
The sleepcap releases spores at you!!
Ouch! That really hurt!
You die...

.....####
.......###### .
......#...## .#
#.##.........#
...##.#..⌠.⌠......
......#...∩.......
...#.....⌠.⌠.......##
...................<..
..:...f@..............
..........#####......
...#.###...###.....##
...........<.#......##
..)..#####............
... ##..>.......# . .
..$.......######...
..#######..†)....## #
######...#$


You could see a sleepcap.

Vanquished Creatures
  A gnoll (D:1)
  An adder (D:2)
  3 dart slugs
  An orc (D:3)
  3 ball pythons
  3 endoplasms
  2 giant cockroaches
  3 hobgoblins
  4 jackals (D:3)
  2 quokkas
  5 bats
  2 frilled lizards (D:1)
  4 goblins
  2 kobolds
  3 rats
39 creatures vanquished.

Notes
Turn   | Place    | Note
-------+----------+-------------------------------------------
     0 | D:1      | jasper the Spriggan Brigand began the quest for the Orb.
     0 | D:1      | Reached XP level 1. HP: 10/10 MP: 2/2
   156 | D:1      | Reached XP level 2. HP: 14/14 MP: 3/3
   743 | D:2      | Reached XP level 3. HP: 18/18 MP: 4/4
   858 | D:2      | Found a faded altar of an unknown god.
   890 | D:2      | Noticed Sigmund
  1367 | D:3      | Found Koanul's Weapon Shoppe.
  1384 | D:3      | Mangled by a sleepcap

Illustrated notes

Levels and vault maps discovered:
D:1:      dpeg_arrival_prison, layout_basic
D:2:      layout_basic, hellmonk_ecumenical_altar_crossroads,
          kennysheep_generic_room_2, uniq_sigmund
D:3:      layout_rooms, mainiacjoe_overflow_24_doors, serial_shops,
          shop_fountains, shop, shop, item_on_display_a, uniq_jessica

Skill      XL: |  1  2  3 |
---------------+----------+-----
Short Blades   | 3 4 |  4.7
Fighting       | |  1.5
Throwing       | |  2.0
Dodging        | |  1.3
Stealth        | |  5.8

Action                     || total
---------------------------++-------
  Melee: Dagger            ||     5
   Fire: Sling             ||    77
  Throw: Dart              ||     2
    Use: Scroll            ||     4
 Armour: Robe              ||     5
  Dodge: Dodged            ||    36
